Map: [ESL] Tropical Sacrifice

Players

Dolan

  • Race: Terran Terran
  • League: Diamond
  • Spawn Location: 7:00

Spirit - Winner!

  • Race: Terran Terran
  • Spawn Location: 1:00

Event: DreamHack SC2 Masters 2022 Valencia

VOD

Have the link to the VOD?

Description

Time

  • Played on: July 1, 2022, 10:06 a.m.
  • Length: 7:58

All games in this series

Show
View Real Time Build Order
Export as new Build Order

Dolan Terran 

Build Orders: Reaper Expand, Mech 

Get SALT Encoding   

  12  0:00  SCV  
  13  0:12  SCV  
  14  0:17  Supply Depot  
  14  0:24  SCV  
  15  0:38  SCV  
  15  0:40  Barracks  
  16  0:44  Refinery  
  16  0:50  SCV  
  17  1:03  SCV  
  18  1:15  SCV  
  19  1:27  Orbital Command  
  19  1:29  Reaper  
  20  1:40  Command Center  
  20  1:48  Supply Depot  
  20  1:53  SCV  
  21  2:00  Marine  
  22  2:05  SCV  
  23  2:08  Factory  
  23  2:12  Refinery  
  23  2:17  SCV  
  23  2:18  Marine  
  25  2:24  Bunker  
  25  2:31  SCV  
  25  2:36  Marine  
  27  2:43  SCV  
  28  2:52  Factory Tech Lab  
  28  2:53  Starport  
  28  2:55  SCV  
  28  2:56  Orbital Command  
  29  3:05  Barracks Reactor  
  29  3:08  Refinery, SCV  
  30  3:15  Cyclone  
  33  3:20  SCV  
  33  3:22  SCV  
  35  3:31  Starport Tech Lab  
  35  3:32  SCV  
  37  3:34  SCV  
  37  3:36  Supply Depot  
  37  3:41  Marine  
  37  3:42  Marine  
  37  3:46  SCV x2  
  41  3:48  Raven  
  43  3:58  SCV x2  
  43  4:02  Siege Tank  
  48  4:03  Marine  
  48  4:04  Marine  
  48  4:09  Supply Depot  
  50  4:10  SCV x2  
  52  4:25  SCV x2  
  38  4:48  SCV x2  
  38  4:50  Raven, Siege Tank  
  45  4:57  Marine x2  
  47  5:00  SCV x2  
  47  5:02  Command Center  
  49  5:13  Refinery, SCV x2  
  51  5:16  Marine  
  51  5:17  Marine  
  53  5:27  SCV x2  
  55  5:29  Siege Tank  
  58  5:39  SCV x2  
  60  5:50  Supply Depot  
  60  5:51  SCV x2  
  62  5:58  Viking x2  
  62  6:03  Factory, SCV  
  62  6:04  SCV  
  68  6:05  Factory  
  68  6:16  Orbital Command, SCV x2  
  70  6:19  Siege Tank  
  73  6:27  Supply Depot  
  73  6:28  SCV x2  
  75  6:33  Viking x2  
  79  6:40  SCV x2  
  77  6:54  Siege Tank x2  
  83  7:03  Orbital Command  
  83  7:07  Viking x2  
  84  7:10  Factory Reactor  
  77  7:24  SCV x2  
  77  7:26  Supply Depot  
  77  7:28  Engineering Bay  
  67  7:46  SCV x3  
Show
View Real Time Build Order
Export as new Build Order

Spirit Terran - Winner!

Build Orders: Gas First Reaper Expand, Hellion Opening 

Get SALT Encoding   

  12  0:00  SCV  
  13  0:12  SCV  
  14  0:18  Supply Depot  
  14  0:24  SCV  
  15  0:28  Refinery  
  15  0:40  SCV  
  16  0:45  Barracks  
  16  0:52  SCV  
  17  1:04  SCV  
  18  1:16  SCV  
  19  1:32  Orbital Command, Reaper  
  20  1:44  Command Center  
  20  1:54  Factory  
  20  1:59  SCV  
  21  2:06  Barracks Reactor  
  21  2:10  Supply Depot  
  21  2:12  SCV  
  22  2:17  Refinery  
  22  2:24  SCV  
  23  2:36  SCV  
  24  2:42  Starport  
  24  2:46  Hellion x2  
  24  2:48  SCV  
  24  2:51  Barracks Tech Lab  
  29  2:58  Orbital Command  
  29  3:02  SCV  
  30  3:10  Marauder  
  30  3:12  Hellion  
  34  3:17  Hellion  
  36  3:20  Concussive Shells  
  36  3:24  Medivac  
  38  3:31  Marauder  
  42  3:40  Hellion x2  
  44  3:41  Supply Depot  
  44  3:44  SCV  
  44  3:45  SCV  
  46  3:50  Refinery  
  46  3:53  Supply Depot  
  46  4:03  SCV x2  
  46  4:08  Raven  
  46  4:09  Factory Tech Lab  
  50  4:15  SCV x2  
  52  4:17  Supply Depot  
  52  4:25  Marine  
  52  4:27  SCV  
  54  4:31  Marine  
  54  4:32  Siege Tank  
  54  4:34  SCV  
  55  4:40  SCV  
  46  4:46  Marine  
  46  4:47  SCV  
  46  4:50  Raven  
  49  4:54  SCV  
  51  5:00  SCV  
  51  5:01  Command Center  
  51  5:06  SCV, Marine  
  53  5:08  Supply Depot  
  53  5:10  Siege Tank  
  57  5:14  SCV  
  57  5:17  Marine  
  57  5:18  SCV  
  59  5:26  SCV  
  59  5:31  Barracks  
  59  5:33  Barracks, SCV  
  60  5:38  SCV  
  60  5:41  Viking x2, Refinery  
  62  5:45  Siege Tank  
  62  5:48  Marine  
  62  5:49  Supply Depot  
  66  5:50  Stimpack  
  66  5:53  SCV x2  
  68  6:05  SCV x2  
  68  6:06  Marine  
  71  6:11  Viking  
  71  6:12  Viking, Supply Depot  
  71  6:17  SCV x2  
  77  6:20  Siege Tank  
  77  6:24  Marine  
  81  6:27  Barracks Reactor  
  81  6:28  Barracks Reactor  
  81  6:29  SCV x2  
  81  6:31  Orbital Command  
  83  6:41  Viking, SCV x2  
  83  6:42  Viking  
  89  6:52  Engineering Bay x2  
  89  6:53  SCV x2  
  91  6:57  SCV  
  91  6:59  Siege Tank  
  95  7:05  SCV x2  
  97  7:09  SCV  
  97  7:10  Marine x5  
  97  7:11  Viking  
  97  7:12  Viking  
  107  7:17  SCV  
  104  7:27  Supply Depot x2  
  104  7:28  Marine x3  
  107  7:33  Marine  
  107  7:34  Marine  
  104  7:43  SCV  
  104  7:57  Supply Depot x2  
  104  7:58  Refinery  

Tags
 
Add a new tag
Caveats
  • Supply blocks, unpowered buildings, or Contaminate may cause inaccurate times.
  • Supply counts are checked every 10 seconds.